 Dungeon Crawl Stone Soup version 0.27.1-33-g824d729ab1 (webtiles) character file.

Game seed: 3242009000859161563

179 lonewolfV2 the Grave Robber (level 5, 0/43 HPs)
             Began as a Deep Dwarf Necromancer on Dec 14, 2021.
             Shot with a bolt by a kobold brigand (5 damage)
             ... in a sewer on Dec 15, 2021.
             The game lasted 00:10:17 (2650 turns).

lonewolfV2 the Grave Robber (DDNe)                  Turns: 2650, Time: 00:10:18

Health: 0/43       AC:  2    Str: 11    XL:     5   Next: 32%
Magic:  4/8        EV: 12    Int: 17    God:
Gold:   46         SH:  0    Dex: 13    Spells: 5/10 levels left

rFire    . . .     SeeInvis .   p - +3 quarterstaff (chaos)
rCold    . . .     Faith    .   (shield currently unavailable)
rNeg     . . .     Spirit   .   a - +0 robe
rPois    .         Reflect  .   (no helmet)
rElec    .         Harm     .   (no cloak)
rCorr    +         Rampage  .   (no gloves)
Will     .....                  (no boots)
Stlth    +.........             (no amulet)
HPRegen  0.00/turn              i - ring of resist corrosion
MPRegen  0.11/turn              (no ring)

@: very slow
A: damage resistance, heal wounds, sense surroundings 1, no regeneration
a: Heal Wounds


You were in a sewer.
You visited 1 branch of the dungeon, and saw 3 of its levels.
You also visited: Sewer.

You collected 46 gold pieces.

Inventory:

Hand Weapons
 o - a +0 vorpal mace
 p - a +3 quarterstaff of chaos (weapon)
Armour
 a - a +0 robe (worn)
Jewellery
 i - a ring of resist corrosion (left hand)
Wands
 k - a wand of flame (21) (quivered)
Scrolls
 d - 2 scrolls of fear
 f - 2 scrolls of noise
 g - a scroll of fog
Potions
 b - a potion of curing {unknown}
 c - a potion of degeneration
 e - a potion of magic
 j - a potion of haste {unknown}
 l - 2 potions of flight
 m - a potion of cancellation {unknown}


   Skills:
 + Level 0.4 Fighting
 + Level 1.3 Maces & Flails
 + Level 2.3 Dodging
 + Level 3.4 Stealth
 + Level 0.7 Unarmed Combat
 + Level 3.1 Spellcasting
 + Level 5.4 Necromancy


You had 5 spell levels left.
You knew the following spells:

 Your Spells              Type           Power      Damage    Failure   Level
a - Pain                  Necr           84%        1d8       1%          1
b - Vampiric Draining     Necr           10%        2d7       5%          3
c - Foxfire               Conj/Fire      8%         2x1d4     17%         1

Your spell library contained the following spells:

 Spells                   Type           Power      Damage    Failure   Level
 Animate Skeleton         Necr           42%        N/A       1%          1
 Magic Dart               Conj           8%         1d3       17%         1
 Animate Dead             Necr           10%        N/A       19%         4
 Conjure Flame            Conj/Fire      2%         6-21      45%         3
 Inner Flame              Hex/Fire       2%         N/A       45%         3
 Agony                    Necr           21%        N/A       45%         5


Dungeon Overview and Level Annotations

Branches:
Dungeon (3/15)              Sewer (1/1)

Altars:


Innate Abilities, Weirdness & Mutations

You are resistant to damage.
You can heal yourself by infusing magical energy.
You passively map a small area around you.
You do not regenerate.


Message History

The kobold throws a stone.
The stone misses you.
The kobold brigand shoots a bolt.
The bolt hits you. The bolt freezes you.
Things that are here:
a +0 dagger; a kobold corpse The kobold brigand shoots a bolt.
The bolt misses you.
The kobold brigand shoots a bolt.
The bolt closely misses you.
The kobold brigand shoots a bolt.
The bolt closely misses you.
The kobold throws a stone.
The stone barely misses you.
The kobold brigand shoots a bolt.
The bolt hits you. The bolt freezes you.
The kobold brigand shoots a bolt.
The bolt barely misses you.
The kobold throws a stone.
The stone barely misses you.
The kobold brigand shoots a bolt.
The bolt barely misses you.
The kobold throws a stone.
The stone misses you.
The kobold brigand shoots a bolt.
The bolt closely misses you.
The kobold brigand shoots a bolt.
The bolt hits you. The bolt freezes you. Why would you want to do that?
Casting: Pain (safe; 1% risk of failure)
Confirm with . or Enter, or press ? or * to list all spells.
Aiming: Pain (safe; 1% risk of failure)
Press: ? - help, Shift-Dir - straight line, f - kobold brigand
Aim: a kobold brigand, wielding a +1 hand crossbow of freezing and quivering bolts (chance to affect: 80%)
The kobold brigand writhes in agony.
The kobold brigand shoots a bolt.
The bolt hits you. The bolt freezes you.
Casting: Pain (safe; 1% risk of failure)
Confirm with . or Enter, or press ? or * to list all spells.
Aiming: Pain (safe; 1% risk of failure)
Press: ? - help, Shift-Dir - straight line, f/p - kobold brigand
Aim: a kobold brigand, wielding a +1 hand crossbow of freezing and quivering bolts (lightly wounded, chance to affect: 80%)
The kobold brigand writhes in agony!
The kobold brigand shoots a bolt.
The bolt hits you. The bolt freezes you.
Casting: Pain (safe; 1% risk of failure)
Confirm with . or Enter, or press ? or * to list all spells.
Aiming: Pain (safe; 1% risk of failure)
Press: ? - help, Shift-Dir - straight line, f/p - kobold brigand
Aim: a kobold brigand, wielding a +1 hand crossbow of freezing and quivering bolts (heavily wounded, chance to affect: 80%)
The kobold brigand barely resists.
The kobold brigand shoots a bolt.
The bolt hits you!
* * * LOW HITPOINT WARNING * * *
The bolt freezes you.
You die...

* KK ####.####
#..≈≈≈≈.# #..≈≈)≈.#
#.≈≈≈≈≈≈# #.≈≈≈≈≈.#
#≈≈≈≈≈≈.# #.≈K≈≈≈≈#
#..K≈@..#
#..≈≈≈≈)##############
#≈.≈≈≈≈≈)≈≈≈≈≈≈≈≈≈≈≈≈≈
#.≈≈≈≈≈≈##############
##≈≈≈≈.## #.≈≈≈.#
#.≈≈≈≈# ∩..≈≈≈.#
###.≈≈≈.#


You could see a kobold brigand and a kobold.

Vanquished Creatures
  Crazy Yiuf (D:2)
  Natasha (thrice) (D:2)
  A worm (D:3)
  2 dart slugs (D:2)
  5 ball pythons
  6 endoplasms
  4 giant cockroaches
  5 goblins (D:1)
  5 hobgoblins
  6 jackals
  9 kobolds
  4 quokkas
  5 bats
  3 frilled lizards (D:2)
  7 rats
66 creatures vanquished.

Vanquished Creatures (others)
  9 foxfires
  A fungus (D:2)
  A plant (D:2)
11 creatures vanquished.

Grand Total: 77 creatures vanquished

Notes
Turn   | Place    | Note
-------+----------+-------------------------------------------
     0 | D:1      | lonewolfV2 the Deep Dwarf Necromancer began the quest for
                  | the Orb.
     0 | D:1      | Reached XP level 1. HP: 15/15 MP: 3/3
   232 | D:1      | Reached XP level 2. HP: 22/22 MP: 2/4
   258 | D:1      | Reached skill level 5 in Necromancy
   544 | D:1      | Reached XP level 3. HP: 20/28 MP: 0/5
  1012 | D:1      | Learned a level 3 spell: Vampiric Draining
  1122 | D:2      | Found a faded altar of an unknown god.
  1180 | D:2      | Noticed Natasha
  1192 | D:2      | Killed Natasha
  1239 | D:2      | Reached XP level 4. HP: 26/37 MP: 0/6
  1333 | D:2      | Got Plato's Papyrus of Confrontation
  1480 | D:2      | Noticed Natasha
  1488 | D:2      | Killed Natasha
  1561 | D:2      | Noticed Natasha
  1573 | D:2      | Killed Natasha
  1793 | D:2      | Found a runed translucent door.
  1794 | D:2      | Noticed Crazy Yiuf
  1999 | D:2      | Learned a level 1 spell: Foxfire
  2150 | D:2      | Reached XP level 5. HP: 39/43 MP: 2/8
  2304 | D:2      | Killed Crazy Yiuf
  2305 | D:2      | Reached skill level 1 in Maces & Flails
  2379 | D:3      | Found a glowing drain.
  2422 | Sewer    | Entered a sewer
  2650 | Sewer    | Shot with a bolt by a kobold brigand

Illustrated notes

Levels and vault maps discovered:
D:1:      grunt_arrival_crossed_arrows, layout_basic, glass_columns_b
D:2:      layout_basic, shapermc_ecumenical_altar_rom_forum,
          uniq_crazy_yiuf_cottage, uniq_natasha
D:3:      layout_loops_ring, cheibrodos_sewer_entry_sluice,
          hangedman_abyss_or_decor_lesser_grid, uniq_sigmund, uniq_grinder
Sewer:    sewer_kobolds

Skill      XL: |  1  2  3  4  5 |
---------------+----------------+-----
Necromancy     | 5 |  5.4
Spellcasting   | 2 3 |  3.1
Stealth        | 3 |  3.4
Maces & Flails | 1 |  1.3
Fighting       | |  0.4
Dodging        | |  2.3
Unarmed Combat | |  0.7

Action                   |  1- 3 |  4- 6 || total
-------------------------+-------+-------++-------
Melee: Unarmed           |    80 |     3 ||    83
       Mace              |       |    25 ||    25
       Quarterstaff      |       |     5 ||     5
 Cast: Pain              |    46 |    33 ||    79
       Vampiric Draining |     3 |     9 ||    12
       Foxfire           |       |     7 ||     7
 Abil: Heal Wounds       |     3 |     3 ||     6
  Use: Scroll            |     5 |     3 ||     8
       Potion            |       |     1 ||     1
 Stab: Sleeping          |       |     1 ||     1
Armor: Robe              |    22 |     7 ||    29
Dodge: Dodged            |    85 |    63 ||   148
